 Dungeon Crawl Stone Soup version 0.20.0-8-g6b59dc7 (webtiles) character file.

30832 Hasart the Spear-Bearer (level 13, -13/90 HPs)
             Began as an Octopode Fighter on May 30, 2017.
             Was an Initiate of Gozag.
             Mangled by a white ugly thing (29 damage)
             ... on level 13 of the Dungeon.
             The game lasted 00:46:57 (14474 turns).

Hasart the Spear-Bearer (Octopode Fighter)         Turns: 14474, Time: 00:47:00

Health: -13/90     AC:  1    Str: 22    XL:     13   Next: 54%
Magic:  30/30      EV: 22    Int: 12    God:    Gozag
Gold:   296        SH: 13    Dex: 12    Spells: 12/12 levels left

rFire    . . .     SeeInvis .   c - +6 trident (freeze)
rCold    . . .     Gourm    .   b - +1 shield
rNeg     . . .     Faith    .   (helmet restricted)
rPois    .         Spirit   .   (no amulet)
rElec    .         Reflect  .   a - +3 ring of evasion
rCorr    .         Harm     .   p - +3 ring of slaying
MR       .....                  n - ring of wizardry
Stlth    +++.......             r - ring of flight
Regen    0.3/turn               y - +4 ring of strength
MPRegen  0.3/turn               m - ring of stealth
                                F - ring of magical power
                                (no ring)

@: gold aura
A: almost no armour, stealthy swim, amphibious, 8 rings, constrict 8, repulsion
field 1, camouflage 1, mutation resistance 1, gelatinous body 1
a: Potion Petition, Call Merchant, Bribe Branch, Renounce Religion, Evoke Flight


You were on level 13 of the Dungeon.
You worshipped Gozag.
Gozag was aware of your devotion.
You were very hungry.

You visited 2 branches of the dungeon, and saw 16 of its levels.
You also visited: Ossuary.

You collected 4052 gold pieces.
You spent 220 gold pieces at shops.
You paid 3536 gold pieces to Gozag.

Inventory:

Hand Weapons
 c - a +6 trident of freezing (weapon)
Armour
 b - a +1 shield (worn)
Jewellery
 a - a +3 ring of evasion (left tentacle)
 m - a ring of stealth (on tentacle)
 n - a ring of wizardry (on tentacle)
 p - a +3 ring of slaying (right tentacle)
 r - a ring of flight (on tentacle)
 y - a +4 ring of strength (on tentacle)
 F - a ring of magical power (on tentacle)
Wands
 x - a wand of paralysis (15/24)
 B - a wand of disintegration (13/24)
Scrolls
 f - 12 scrolls of teleportation
 j - 9 scrolls of remove curse
 k - 12 scrolls of identify
 o - 2 scrolls of fog
 s - 7 scrolls of magic mapping
 t - a scroll of enchant armour
 v - 2 scrolls of blinking
 w - 4 scrolls of fear
 z - 2 scrolls of recharging
 E - a scroll of brand weapon
 I - 2 scrolls of silence
Potions
 e - a potion of heal wounds
 h - a potion of mutation
 i - 3 potions of brilliance
 l - 3 potions of curing
 q - a potion of haste
 A - 3 potions of flight {unknown}
 C - 2 potions of berserk rage {unknown}
Books
 u - a book of Misfortune

   Spells                             Type                      Level
   a - Confusing Touch                Hexes                        1
   b - Confuse                        Hexes                        3
   c - Gell's Gravitas                Translocation                3
   d - Petrify                        Transmutation/Earth          4
   e - Metabolic Englaciation         Hexes/Ice                    5
   f - Yara's Violent Unravelling     Hexes/Transmutation          5
 G - a book of Conjurations

   Spells                             Type                      Level
   a - Magic Dart                     Conjuration                  1
   b - Searing Ray                    Conjuration                  2
   c - Dazzling Spray                 Conjuration/Hexes            3
   d - Fulminant Prism                Conjuration/Hexes            4
   e - Force Lance                    Conjuration/Translocation    4
   f - Iskenderun's Mystic Blast      Conjuration                  4
Comestibles
 d - 11 bread rations
 g - 7 meat rations
 D - 6 royal jellies
 H - 3 fruits


   Skills:
 + Level 9.5 Fighting
 * Level 12.5 Polearms
 + Level 9.7 Dodging
 + Level 9.7 Shields
 * Level 11.6 Evocations


You had 12 spell levels left.
You didn't know any spells.

Dungeon Overview and Level Annotations

Branches:
Dungeon (13/15)            Temple (0/1) D:5            Lair (3/6) D:10
  Snake (0/4) Lair:2          Orc (0/2) D:12
  Swamp: Lair:2-4    Shoals: Lair:2-4    Vaults: D:13-14

Altars:
Gozag
Hepliaklqana
Makhleb
Nemelex Xobeh
Okawaru
Ru
Trog
Uskayaw
Vehumet
Yredelemnul
The Shining One

Shops:
D:5 %   D:6 ?   D:12 (   Lair:1 :[

Annotations:
Lair:3 Urug


Innate Abilities, Weirdness & Mutations

You cannot wear most types of armour.
You are very stealthy in the water. (Stealth+)
You are amphibious.
You can wear up to eight rings at the same time.
You can use your tentacles to constrict eight enemies at once.
Your skin changes colour to match your surroundings (Stealth+).
Your rubbery body absorbs attacks. (AC +1, EV +1)
You are surrounded by a mild repulsion field. (EV +2)
You are somewhat resistant to further mutation.


Message History

The shadow flickers and vanishes!
Deactivating autopickup; reactivate with Ctrl-A.
The white ugly thing pecks you! The white ugly thing freezes you!!
* * * LOW HITPOINT WARNING * * *
Unknown command.
You feel much better.
You constrict the white ugly thing.
The centaur warrior is no longer distracted by gold.
The human is no longer distracted by gold.
The centaur warrior is distracted by the nearby gold.
The white ugly thing pecks you!
* * * LOW HITPOINT WARNING * * *
The white ugly thing freezes you!
* * * LOW HITPOINT WARNING * * *
You feel much better.
You constrict the white ugly thing.
The centaur warrior is no longer distracted by gold.
The white ugly thing pecks you!
* * * LOW HITPOINT WARNING * * *
The white ugly thing freezes you!!
You die...
Your body crumbles into a pile of gold.

###........# ###+###
#.'........# .......
#.#........# .......
##.#........# .......
#..#........# .......
##[##........# .$.....
#..##........#
....Jop###.###........#
...ppppcu@.# #........#
....ppp##### ###+######
<...p.# >...p. .....
.p... .p.. .o..


You could see an orc knight, a white ugly thing, a centaur warrior, 9 humans and
a jelly.

Vanquished Creatures
  2 hydras
  5 two-headed ogres
  A centaur warrior (D:13)
  A tengu warrior (D:11)
  3 ugly things
  An elephant (D:10)
  A manticore (D:13)
  The ghost of MDvedh the Slicer, a novice KoAs of Fedhas (D:5)
  2 black mambas
  A molten gargoyle (Lair:3)
  2 komodo dragons
  9 spiny frogs
  A tengu conjurer (D:11)
  A queen bee (Lair:2)
  5 blink frogs (Lair:2)
  5 hippogriffs
  A wraith (D:12)
  42 yaks
  2 humans (D:13)
  2 hungry ghosts
  2 basilisks
  2 nagas (Lair:2)
  4 porcupines
  8 water moccasins
  Duvessa (D:5)
  2 ice beasts
  A sky beast (D:8)
  3 black bears
  2 orc warriors
  An eye of draining (D:11)
  A necrophage (D:11)
  3 phantoms
  4 ogres
  3 wolves (Lair:2)
  13 centaurs
  6 crocodiles
  2 big kobolds
  8 bullfrogs
  A gnoll sergeant (D:10)
  A wyvern skeleton (D:6)
  9 scorpions
  Dowan (D:5)
  9 wights
  29 killer bees
  5 crimson imps
  2 bullfrog zombies
  3 jellies
  5 lava snakes (Lair:3)
  12 orc wizards
  2 centaur zombies (Ossuary)
  2 hounds
  A human zombie (Ossuary)
  A centaur skeleton (D:6)
  Crazy Yiuf (D:2)
  A gnoll shaman (D:5)
  6 orc priests
  Jessica (D:2)
  Terence (D:2)
  6 iguanas
  2 hell rats (Lair:2)
  2 worker ants
  A big kobold zombie (Ossuary)
  3 mummies (Ossuary)
  A hound zombie (D:8)
  4 gnolls (D:10)
  A howler monkey skeleton (D:7)
  A howler monkey zombie (D:8)
  3 scorpion zombies (Ossuary)
  10 adders
  7 river rats (Lair:2)
  2 shadow imps
  2 oozes
  4 adder skeletons
  An adder zombie (D:9)
  2 worms (D:3)
  6 dart slugs
  5 leopard geckos
  46 orcs
  9 bats
  3 giant cockroaches
  5 goblins
  5 hobgoblins
  6 jackals
  3 quokkas
  3 frilled lizards
  2 goblin zombies (Ossuary)
  4 hobgoblin zombies (Ossuary)
  19 kobolds
  A kobold zombie (Ossuary)
  3 orc zombies (Ossuary)
  6 rats
425 creatures vanquished.

Vanquished Creatures (others)
  A scorpion (Ossuary)
  3 fungi
  13 plants
17 creatures vanquished.

Grand Total: 442 creatures vanquished

Notes
Turn   | Place    | Note
-------+----------+-------------------------------------------
     0 | D:1      | Hasart the Octopode Fighter began the quest for the Orb.
     0 | D:1      | Reached XP level 1. HP: 16/16 MP: 1/1
   101 | D:1      | Reached XP level 2. HP: 19/21 MP: 2/2
   586 | D:1      | Reached XP level 3. HP: 26/26 MP: 3/3
   790 | D:2      | Found an opulent altar of Gozag.
   920 | D:2      | Became a worshipper of Gozag Ym Sagoz the Greedy
   957 | D:2      | Noticed Jessica
   960 | D:2      | Noticed Terence
   967 | D:2      | Killed Jessica
   969 | D:2      | Killed Terence
   969 | D:2      | Reached skill level 3 in Polearms
   969 | D:2      | Reached XP level 4. HP: 7/31 MP: 4/4
  1144 | D:2      | Found a bloodstained altar of Trog.
  1447 | D:2      | Found a runed door.
  1451 | D:2      | Noticed Crazy Yiuf
  1457 | D:2      | Killed Crazy Yiuf
  1457 | D:2      | Reached XP level 5. HP: 36/36 MP: 5/5
  1506 | D:3      | Found a bloodstained altar of Trog.
  1814 | D:4      | Reached skill level 4 in Polearms
  1909 | D:4      | Noticed a black bear
  1914 | D:4      | Killed a black bear
  1914 | D:4      | Reached XP level 6. HP: 35/43 MP: 6/6
  2330 | D:4      | Reached XP level 7. HP: 48/48 MP: 7/7
  2362 | D:4      | Reached skill level 5 in Polearms
  2548 | D:4      | Found a burning altar of Makhleb.
  2604 | D:5      | Entered Level 5 of the Dungeon
  2604 | D:5      | Noticed Duvessa
  2604 | D:5      | Noticed Dowan
  2612 | D:5      | Killed Dowan
  2617 | D:5      | Killed Duvessa
  2714 | D:5      | Found a sand-covered staircase.
  2719 | Ossuary  | Entered an ossuary
  2782 | Ossuary  | Reached XP level 8. HP: 44/54 MP: 8/8
  2826 | Ossuary  | Reached skill level 6 in Polearms
  2826 | Ossuary  | Reached skill level 5 in Shields
  2919 | Ossuary  | Reached skill level 5 in Dodging
  2933 | Ossuary  | Reached skill level 5 in Fighting
  3284 | D:5      | Reached skill level 7 in Polearms
  3294 | D:5      | Found a sacrificial altar of Ru.
  3422 | D:5      | Noticed MDvedh's ghost (novice KoAs)
  3443 | D:5      | Killed MDvedh's ghost
  3443 | D:5      | Reached XP level 9. HP: 9/62 MP: 9/9
  3696 | D:5      | Found a radiant altar of Vehumet.
  3826 | D:5      | Bought a meat ration for 50 gold pieces
  3826 | D:5      | Bought a bread ration for 50 gold pieces
  3826 | D:5      | Bought a royal jelly for 20 gold pieces
  3826 | D:5      | Bought a meat ration for 50 gold pieces
  3826 | D:5      | Bought a meat ration for 50 gold pieces
  3885 | D:5      | Found a staircase to the Ecumenical Temple.
  4026 | D:6      | Found Gion Fouc's Magic Scroll Shop.
  4222 | D:6      | Reached skill level 8 in Polearms
  4335 | D:6      | Reached skill level 1 in Evocations
  4446 | D:7      | Found an iron altar of Okawaru.
  4940 | D:7      | Found a hazy altar of Hepliaklqana.
  4950 | D:7      | Found a hide-covered altar of Uskayaw.
  5243 | D:7      | Gained mutation: Potions are less effective at restoring your health. [potion of mutation]
  5243 | D:7      | Gained mutation: You have a pair of small antennae on your head. [potion of mutation]
  5243 | D:7      | Gained mutation: Your flesh is cold resistant. (rC+) [potion of mutation]
  5450 | D:7      | Found a glowing golden altar of the Shining One.
  5587 | D:8      | Reached XP level 10. HP: 47/69 MP: 11/13
  5695 | D:8      | Found a basalt altar of Yredelemnul.
  5702 | D:8      | Noticed a two-headed ogre
  5713 | D:8      | Killed a two-headed ogre
  5713 | D:8      | Reached skill level 9 in Polearms
  5915 | D:8      | Noticed a two-headed ogre
  5929 | D:8      | Killed a two-headed ogre
  5929 | D:8      | Reached skill level 5 in Evocations
  6253 | D:8      | Found a sparkling altar of Nemelex Xobeh.
  6787 | D:9      | Noticed a two-headed ogre
  6795 | D:9      | Killed a two-headed ogre
  6795 | D:9      | Reached skill level 10 in Polearms
  6795 | D:9      | Reached XP level 11. HP: 67/75 MP: 15/15
  7013 | D:10     | Entered Level 10 of the Dungeon
  7051 | D:10     | Found a staircase to the Lair.
  7617 | Lair:1   | Entered Level 1 of the Lair of Beasts
  9284 | Lair:2   | Reached skill level 11 in Polearms
  9284 | Lair:2   | Reached XP level 12. HP: 80/83 MP: 18/18
  9756 | Lair:2   | Found a staircase to the Snake Pit.
 11159 | Lair:3   | Reached skill level 10 in Evocations
 11562 | Lair:3   | Noticed a six-headed hydra
 11574 | Lair:3   | Killed a six-headed hydra
 11593 | Lair:3   | Noticed an eight-headed hydra
 11623 | Lair:3   | Noticed Urug
 11623 | Lair:3   | Noticed a four-headed hydra
 12288 | D:11     | Noticed a four-headed hydra
 12294 | D:11     | Killed a four-headed hydra
 12354 | D:11     | Reached skill level 12 in Polearms
 12522 | D:11     | Reached XP level 13. HP: 90/90 MP: 21/21
 13263 | D:12     | Found a staircase to the Orcish Mines.
 14438 | D:13     | Lost mutation: Your flesh is cold resistant. (rC+) [potion of mutation]
 14438 | D:13     | Lost mutation: Potions are less effective at restoring your health. [potion of mutation]
 14438 | D:13     | Lost mutation: You have a pair of small antennae on your head. [potion of mutation]
 14438 | D:13     | Gained mutation: You are somewhat resistant to further mutation. [potion of mutation]
 14438 | D:13     | Gained mutation: You are surrounded by a mild repulsion field. (EV +2) [potion of mutation]
 14474 | D:13     | Mangled by a white ugly thing

Skill      XL: |  1  2  3  4  5  6  7  8  9 10 11 12 13 |
---------------+----------------------------------------+-----
Polearms       | 3 4 5 7 8 10 11 12 | 12.5
Fighting       | 4 5 6 7 8 9 |  9.5
Dodging        | 4 5 6 7 8 9 |  9.7
Shields        | 4 6 7 8 9 |  9.7
Evocations     | 4 6 8 10 11 | 11.6

Action                   |  1- 3 |  4- 6 |  7- 9 | 10-12 | 13-15 || total
-------------------------+-------+-------+-------+-------+-------++-------
Melee: Trident           |    46 |    94 |   299 |   534 |   191 ||  1164
       Constrict         |     9 |    24 |    57 |    62 |    15 ||   167
       Tentacles         |     4 |    17 |    59 |    96 |    37 ||   213
Invok: Call Merchant     |       |       |     1 |     2 |     1 ||     4
       Potion Petition   |       |       |       |     1 |       ||     1
Evoke: Wand              |       |       |       |    12 |     1 ||    13
  Use: Potion            |     1 |     5 |     7 |     1 |     3 ||    17
       Scroll            |       |    10 |     3 |    11 |     1 ||    25
 Stab: Sleeping          |     9 |     5 |     7 |     9 |     8 ||    38
       Invisible         |       |     1 |       |       |       ||     1
       Paralysed         |       |       |     2 |    24 |       ||    26
       Distracted        |       |       |     1 |     6 |     2 ||     9
  Eat: Royal jelly       |       |     2 |     4 |     4 |     2 ||    12
       Fruit             |       |       |     5 |     6 |     1 ||    12
       Meat ration       |       |       |       |     2 |       ||     2
Armor: Skin              |     2 |     6 |     2 |     5 |     3 ||    18
Dodge: Dodged            |    11 |    41 |   111 |   176 |    46 ||   385
Block: Shield            |    11 |    29 |   110 |   146 |    32 ||   328
